 Dungeon Crawl Stone Soup version 0.25-a0-730-g633e9c3 (webtiles) character file.

Game seed: 3699116650855302335, levelgen mode: deterministic

12576 robertstho the Protected (level 11, -2/102 HPs)
             Began as a Minotaur Berserker on Apr 7, 2020.
             Was an Elder of Trog.
             Slain by a hell hog (6 damage)
             ... on level 9 of the Dungeon.
             The game lasted 00:20:32 (8279 turns).

robertstho the Protected (Minotaur Berserker)       Turns: 8279, Time: 00:20:33

Health: -2/102     AC: 20    Str: 24    XL:     11   Next: 64%
Magic:  10/10      EV:  9    Int:  5    God:    Trog [****..]
Gold:   498        SH:  0    Dex: 10    Spells: 10/10 levels left

rFire    + . .     SeeInvis .   a - +0 double sword (flame)
rCold    + . .     Gourm    .   (no shield)
rNeg     . . .     Faith    .   C - +0 plate armour
rPois    +         Spirit   .   s - +2 hat
rElec    +         Reflect  .   m - +1 cloak {rPois}
rCorr    +         Harm     .   (no gloves)
MR       .....                  (no boots)
Stlth    ..........             (no amulet)
HPRegen  0.27/turn              y - ring of stealth
MPRegen  0.12/turn              (no ring)

@: resistant, berserk cooldown, slowed, very slow
A: retaliatory headbutt, horns 2
a: Berserk, Trog's Hand, Brothers in Arms, Renounce Religion


You were on level 9 of the Dungeon.
You worshipped Trog.
Trog was greatly pleased with you.
You were not hungry.

You visited 1 branch of the dungeon, and saw 11 of its levels.
You visited the Abyss 1 time.

You collected 498 gold pieces.

Inventory:

Hand Weapons
 a - a +0 double sword of flaming (weapon)
Missiles
 f - 35 poisoned darts (quivered)
 w - 5 curare-tipped darts
Armour
 i - a scarf of spirit shield
 m - a +1 cloak of poison resistance (worn)
 s - a +2 hat (worn)
 C - a +0 plate armour (worn)
Jewellery
 y - a ring of stealth (left hand)
Wands
 t - a wand of iceblast (8)
Scrolls
 b - a scroll of blinking {unknown}
 d - 2 scrolls of fear {unknown}
 e - 5 scrolls of identify
 g - 7 scrolls of teleportation {unknown}
 j - 3 scrolls of remove curse
 k - 2 scrolls of enchant armour {unknown}
 l - 2 scrolls of magic mapping {unknown}
 o - 6 scrolls of enchant weapon {unknown}
 z - a scroll of immolation
Potions
 h - 7 potions of flight
 n - 4 potions of lignification
 p - a potion of haste
 q - 5 potions of curing
 r - 4 potions of heal wounds
 D - a potion of resistance
 E - a potion of might
Comestibles
 c - 11 rations


   Skills:
 * Level 11.4 Fighting
 + Level 8.1 Long Blades
   Level 10.9 Axes
 * Level 13.1 Armour
 + Level 4.9 Dodging
 + Level 1.7 Stealth


You had 10 spell levels left.
You didn't know any spells.
Your spell library was empty.

Dungeon Overview and Level Annotations

Branches:
Dungeon (11/15)            Temple (0/1) D:5            Lair (0/6) D:8
    Orc: D:9-12

Altars:
Elyvilon
Fedhas
Okawaru
Trog
Vehumet
Yredelemnul

Annotations:
D:9 Psyche


Innate Abilities, Weirdness & Mutations

You reflexively headbutt those who attack you in melee.
You have a pair of horns on your head.


Message History

The hell hog breathes fire at you.
The fireball explodes!
The fireball engulfs you but does no damage.
You resist.
The fireball engulfs the hell hog.
The hell hog resists.
The hell hog bites you but does no damage.
As you read the scroll labeled LYECHU RAAPIR, it crumbles to dust.
The scroll dissolves into smoke.
It was a scroll of fog.
Psyche casts a cantrip, but nothing happens.
The hell hog misses you.
The crimson imp hits you but does no damage.
The hell hog barely misses you.
You riposte.
You slice the hell hog!! Your headbutt misses the hell hog.
The hell hog is heavily wounded.
The crimson imp blinks!
As you read the scroll labeled ETYLEZY SOTE, it crumbles to dust.
You hear a loud clanging noise!
It was a scroll of noise.
The hell hog bites you but does no damage.
Psyche barely misses you. The hell hog bites you.
You die...

....#................. .#
.#.##.#........##...( ..#
.##...#.............###.##
....................#....#
...#...#.............(....
.#.#.###..................
####....#.......##........
.##...#.#......##.§##..##.
##...##.......§§@@..# ##
.#.............§§h§.###
...##............§(...#
.............##.....###
#............###.....#
#......##...## #.....#
..###.####### ###...#
....### ##.## ....# ###


You could see a hell hog and Psyche.

Vanquished Creatures
  A two-headed ogre (D:11)
  2 thrashing horrors (Abyss:2)
  2 hell hogs (Abyss:2)
  The ghost of BlueFish the Grappler, a novice TrMo of Wu Jian (D:7)
  The ghost of fooot the Cleaver, a novice MiFi (D:6)
  A manticore (D:11)
  A worldbinder (Abyss:2)
  Grinder (D:5)
  Prince Ribbit (D:8)
  A wyvern (D:8)
  Grum (D:8)
  4 fire bats (Abyss:2)
  A hungry ghost (D:7)
  Edmund (D:6)
  A water moccasin (D:7)
  2 ice beasts
  A phantom (D:6)
  3 black bears
  A necrophage (D:7)
  3 wolves (D:8)
  5 centaurs
  8 ogres
  A big kobold (D:7)
  2 bullfrogs (D:8)
  5 scorpions
  17 wights
  7 crimson imps
  A howler monkey (D:6)
  A centaur zombie (D:6)
  2 quasits (D:6)
  A bullfrog zombie (D:11)
  3 jellies
  3 orc priests
  5 hounds
  2 bullfrog skeletons (D:9)
  2 centaur skeletons
  An iron imp (Abyss:2)
  Ijyb (D:5)
  3 iguanas
  11 worker ants
  8 orc wizards
  A hound zombie (D:7)
  12 adders
  A gnoll (D:4)
  4 shadow imps
  3 oozes
  2 adder skeletons
  A worm (D:5)
  3 dart slugs
  6 leopard geckos
  25 orcs
  5 giant cockroaches
  7 goblins
  12 hobgoblins
  11 jackals
  5 quokkas
  2 ball pythons
  6 bats
  8 frilled lizards
  A jackal zombie (D:5)
  16 kobolds
  A quokka skeleton (D:4)
  5 rats
256 creatures vanquished.

Vanquished Creatures (collateral kills)
  Erolcha (D:10)
  A worldbinder (Abyss:2)
  A cyclops (D:11)
  An orc warrior (D:10)
  A centaur (D:10)
  A crimson imp (D:10)
  2 quasits (D:6)
  An orc priest (D:10)
  2 orc wizards (D:11)
  17 orcs
28 creatures vanquished.

Vanquished Creatures (others)
  A hobgoblin (D:2)
  A lurking horror (Abyss:2)
2 creatures vanquished.

Grand Total: 286 creatures vanquished

Notes
Turn   | Place    | Note
-------+----------+-------------------------------------------
     0 | D:1      | robertstho the Minotaur Berserker began the quest for the
                  | Orb.
     0 | D:1      | Reached XP level 1. HP: 19/19 MP: 0/0
   111 | D:1      | Reached XP level 2. HP: 15/27 MP: 1/1
   552 | D:2      | Reached XP level 3. HP: 7/34 MP: 0/2
   559 | D:2      | HP: 2/51 [poisoned by a worker ant]
   582 | D:2      | Reached ** piety under Trog
   810 | D:2      | Found a white marble altar of Elyvilon.
   896 | D:2      | Reached XP level 4. HP: 32/41 MP: 3/3
   911 | D:2      | Reached skill level 5 in Fighting
  1341 | D:3      | Reached skill level 3 in Armour
  1415 | D:3      | Reached skill level 5 in Axes
  1450 | D:3      | Reached XP level 5. HP: 29/48 MP: 4/4
  1961 | D:3      | Reached *** piety under Trog
  2105 | D:3      | Reached XP level 6. HP: 38/57 MP: 3/5
  2305 | D:3      | Found a bloodstained altar of Trog.
  2632 | D:4      | Reached skill level 4 in Armour
  2975 | D:4      | Reached XP level 7. HP: 63/63 MP: 6/6
  3073 | D:4      | Reached skill level 5 in Armour
  3115 | D:4      | Found a bloodstained altar of Trog.
  3116 | D:4      | Found an iron altar of Okawaru.
  3331 | D:5      | Entered Level 5 of the Dungeon
  3387 | D:5      | Noticed Ijyb
  3403 | D:5      | Killed Ijyb
  3705 | D:5      | Found a staircase to the Ecumenical Temple.
  3812 | D:5      | Noticed Grinder
  3819 | D:5      | Paralysed by Grinder for 7 turns
  3828 | D:5      | Killed Grinder
  3828 | D:5      | Reached skill level 6 in Armour
  3990 | D:5      | Found a radiant altar of Vehumet.
  3991 | D:5      | Found a basalt altar of Yredelemnul.
  4014 | D:5      | Reached skill level 1 in Stealth
  4014 | D:5      | Reached XP level 8. HP: 53/73 MP: 4/7
  4381 | D:6      | Reached **** piety under Trog
  4408 | D:6      | Reached skill level 7 in Armour
  4444 | D:6      | Noticed fooot's ghost (novice MiFi)
  4445 | D:6      | Found a transporter.
  4568 | D:6      | Noticed Edmund
  4580 | D:6      | Killed Edmund
  4654 | D:6      | Found a transporter.
  4820 | D:6      | Found a blossoming altar of Fedhas.
  4894 | D:6      | Reached skill level 8 in Armour
  4952 | D:6      | Killed fooot's ghost
  4952 | D:6      | Reached XP level 9. HP: 82/82 MP: 5/8
  5021 | D:7      | Reached skill level 9 in Armour
  5799 | D:7      | Found a large runed translucent door.
  5799 | D:7      | Found a large runed translucent door.
  5801 | D:7      | Noticed BlueFish's ghost (novice TrMo)
  5881 | D:7      | Reached skill level 10 in Armour
  6009 | D:7      | Killed BlueFish's ghost
  6308 | D:8      | Found a staircase to the Lair.
  6313 | D:8      | Reached XP level 10. HP: 91/91 MP: 9/9
  6332 | D:8      | Reached skill level 10 in Axes
  6393 | D:8      | Reached skill level 11 in Armour
  6476 | D:8      | Noticed Grum
  6486 | D:8      | Killed Grum
  6633 | D:8      | Noticed Prince Ribbit
  6645 | D:8      | Killed Prince Ribbit
  6724 | D:8      | Reached ***** piety under Trog
  6724 | D:8      | Received a gift from Trog
  6940 | D:8      | Reached skill level 10 in Fighting
  7050 | D:9      | Reached skill level 1 in Long Blades
  7189 | D:9      | You fall into a shaft and drop 2 floors!
  7366 | D:11     | Noticed a manticore
  7371 | D:11     | Noticed a cyclops
  7375 | D:11     | Killed a manticore
  7379 | D:11     | Killed a cyclops
  7518 | D:11     | Noticed a two-headed ogre
  7527 | D:11     | Killed a two-headed ogre
  7527 | D:11     | Reached skill level 5 in Long Blades
  7527 | D:11     | Reached skill level 12 in Armour
  7535 | D:11     | Reached XP level 11. HP: 45/101 MP: 5/10
  7545 | D:10     | Entered Level 10 of the Dungeon
  7548 | D:10     | Noticed Erolcha
  7556 | D:10     | HP: 4/101 [Erolcha/+0 giant spiked club (15)]
  7556 | D:10     | Killed Erolcha
  7642 | D:10     | Identified a scroll of acquirement
  8037 | D:9      | Noticed Psyche
  8046 | D:9      | Cast into level 2 of the Abyss (Psyche)
  8068 | Abyss:2  | Noticed a thrashing horror
  8068 | Abyss:2  | Noticed a thrashing horror
  8072 | Abyss:2  | Killed a thrashing horror
  8078 | Abyss:2  | Killed a thrashing horror
  8121 | Abyss:2  | Noticed a large abomination
  8259 | Abyss:2  | Noticed a hell hog
  8259 | Abyss:2  | Noticed a hell hog
  8259 | Abyss:2  | Noticed a hell hog
  8260 | Abyss:2  | Noticed a hell hog
  8268 | Abyss:2  | Killed a hell hog
  8268 | Abyss:2  | Reached skill level 13 in Armour
  8274 | Abyss:2  | Killed a hell hog
  8275 | Abyss:2  | HP: 4/153 [hell hog/fireball (22)]
  8276 | D:9      | Escaped the Abyss
  8279 | D:9      | Slain by a hell hog

Levels and vault maps discovered:
D:1:      wander_arrival_abandoned_jail, layout_basic, serial_glass,
          glass_columns_c, glass_columns_a, minmay_ruptured
D:2:      layout_loops_ring, elyvilon_altar_4
D:3:      layout_loops_corners, trog_butcher_becter
D:4:      layout_loops_ring, grunt_temple_overflow_bloody_war, first_ration
D:5:      layout_basic, gammafunk_temple_overflow_statue, temple_doors_e,
          uniq_grinder, uniq_ijyb
D:6:      layout_loops_cross, gammafunk_ghost_stat_death, fedhas_altar_2,
          uniq_edmund
D:7:      layout_rooms, ebering_ghost_disaster_area, grunt_ogre_cave
D:8:      layout_loops_ring, lair_entry_dummy, uniq_grum, uniq_prince_ribbit1
D:9:      layout_cave_pools, kennysheep_path_1, minmay_misc_feat_square,
          minmay_mirror_moons_of_madness, uniq_psyche
D:10:     layout_rooms, hiddenorc1_lemuel, basic_altar, minmay_lindwurm_lava,
          uniq_erolcha
D:11:     layout_loops_ring, minmay_the_grid_2x2 [minmay_the_grid_square_x,
          minmay_the_grid_tree, minmay_the_grid_diamond_grid,
          minmay_the_grid_prize_diamond_cup]

Skill      XL: |  1  2  3  4  5  6  7  8  9 10 11 |
---------------+----------------------------------+-----
Fighting       | 4 5 6 7 8 9 10 11 | 11.4
Axes           | 4 5 6 7 8 9 10 | 10.9
Armour         | 3 4 6 8 10 12 13 | 13.1
Dodging        | 3 4 |  4.9
Stealth        | 1 |  1.7
Long Blades    | 5 8 |  8.1

Action                   |  1- 3 |  4- 6 |  7- 9 | 10-12 || total
-------------------------+-------+-------+-------+-------++-------
Melee: Hand axe          |    56 |   167 |   146 |       ||   369
       Headbutt          |     9 |    27 |    52 |    46 ||   134
       War axe           |       |       |   112 |    88 ||   200
       Double sword      |       |       |       |   144 ||   144
Invok: Berserk           |     1 |     2 |     6 |     7 ||    16
       Trog's Hand       |       |     1 |       |     3 ||     4
       Brothers in Arms  |       |       |     1 |     3 ||     4
  Use: Potion            |     5 |       |       |     3 ||     8
       Scroll            |       |       |     1 |    12 ||    13
  Eat: Chunk             |     1 |     9 |    10 |     8 ||    28
       Ration            |       |       |     4 |     2 ||     6
Armor: Animal skin       |    11 |     6 |       |       ||    17
       Ring mail         |       |    32 |       |       ||    32
       Chain mail        |       |       |   153 |    48 ||   201
       Plate armour      |       |       |       |   154 ||   154
Dodge: Dodged            |    35 |    95 |   151 |   147 ||   428
       Rpst.: Double sword |       |       |       |    27 ||    27

Table legend:
 A = Non-vault XP
 B = Vault XP
 C = Vault XP percentage of total XP
 D = Non-vault monster count
 E = Vault monster count
 F = Vault count percentage of total count
                 A         B        C        D         E       F
            +---------+---------+-------+---------+---------+-------
      Total |   13895 |    4071 |  22.7 |     242 |      42 |  14.8
            +---------+---------+-------+---------+---------+-------
        D:1 |      25 |       7 |  21.9 |      15 |       4 |  21.1
        D:2 |     102 |       0 |   0.0 |      21 |       0 |   0.0
        D:3 |     287 |       9 |   3.0 |      39 |       4 |   9.3
        D:4 |     459 |      14 |   3.0 |      15 |       1 |   6.2
        D:5 |     350 |     326 |  48.2 |      11 |       2 |  15.4
        D:6 |     747 |     866 |  53.7 |      18 |       6 |  25.0
        D:7 |    1371 |     933 |  40.5 |      36 |       2 |   5.3
        D:8 |    1860 |     812 |  30.4 |      35 |       5 |  12.5
        D:9 |     958 |       0 |   0.0 |      15 |       0 |   0.0
       D:10 |     529 |    1104 |  67.6 |      14 |      18 |  56.2
       D:11 |    2307 |       0 |   0.0 |      12 |       0 |   0.0
    Abyss:2 |    4900 |       0 |   0.0 |      11 |       0 |   0.0
            +---------+---------+-------+---------+---------+-------
